Map: Hills of Peshkov

Players

GaleonIII

  • Race: Protoss Protoss
  • Spawn Location: 1:00

GenSpike

  • Race: Protoss Protoss
  • Spawn Location: 11:00

InsaneP

  • Race: Terran Terran
  • Spawn Location: 12:00

Grumm - Winner!

  • Race: Terran Terran
  • League: Gold
  • Spawn Location: 6:00

Foxtrox - Winner!

  • Race: Protoss Protoss
  • League: Gold
  • Spawn Location: 5:00

Thomas - Winner!

  • Race: Protoss Protoss
  • Spawn Location: 7:00

VOD

Have the link to the VOD?

Description

Time

  • Played on: Feb. 9, 2016, 5:52 p.m.
  • Length: 15:34
Show
View Real Time Build Order
Export as new Build Order

GaleonIII Protoss 

Build Orders: Nexus First 

Get SALT Encoding   

  12  0:04  Probe (Chrono Boost)  
  13  0:14  Pylon  
  13  0:18  Probe (Chrono Boost)  
  14  0:29  Probe (Chrono Boost)  
  15  0:39  Probe (Chrono Boost)  
  16  0:50  Probe (Chrono Boost)  
  17  1:02  Nexus  
  17  1:11  Pylon  
  17  1:15  Probe (Chrono Boost)  
  19  1:25  Probe (Chrono Boost)  
  19  1:35  Forge  
  19  1:36  Probe (Chrono Boost)  
  20  1:41  Gateway  
  20  1:51  Pylon  
  20  2:05  Probe (Chrono Boost)  
  21  2:12  Assimilator  
  21  2:15  Probe (Chrono Boost)  
  22  2:16  Assimilator  
  22  2:17  Probe (Chrono Boost)  
  22  2:18  Pylon  
  23  2:26  Probe (Chrono Boost)  
  23  2:28  Probe (Chrono Boost)  
  25  2:34  Pylon  
  25  2:36  Probe (Chrono Boost)  
  26  2:38  Probe (Chrono Boost)  
  26  2:40  Assimilator  
  27  2:44  Assimilator  
  27  2:47  Probe (Chrono Boost)  
  27  2:48  Pylon  
  27  2:49  Probe (Chrono Boost)  
  29  3:02  Photon Cannon  
  29  3:04  Pylon  
  29  3:13  Photon Cannon  
  29  3:26  Photon Cannon  
  29  3:29  Probe (Chrono Boost)  
  29  3:30  Photon Cannon  
  29  3:33  Photon Cannon  
  29  3:47  Photon Cannon  
  28  3:53  Zealot  
  30  3:58  Probe (Chrono Boost)  
  31  4:04  Probe (Chrono Boost)  
  31  4:09  Probe (Chrono Boost)  
  33  4:14  Photon Cannon  
  33  4:15  Probe (Chrono Boost)  
  34  4:18  Photon Cannon  
  34  4:19  Probe (Chrono Boost)  
  34  4:20  Cybernetics Core, Zealot  
  37  4:25  Probe (Chrono Boost)  
  38  4:34  Gateway  
  38  4:38  Gateway  
  38  4:43  Photon Cannon  
  38  4:53  Photon Cannon x2  
  38  5:00  Stalker  
  38  5:06  Probe (Chrono Boost)  
  41  5:12  Probe (Chrono Boost)  
  42  5:17  Probe (Chrono Boost)  
  43  5:23  Probe (Chrono Boost)  
  43  5:27  Probe (Chrono Boost)  
  43  5:28  Stalker x2  
  49  5:30  Stalker  
  49  5:33  Probe (Chrono Boost)  
  52  5:38  Mothership Core (Chrono Boost)  
  54  5:44  Probe (Chrono Boost)  
  55  5:58  Stalker x2  
  55  6:00  Stalker  
  61  6:06  Warp Gate  
  61  6:10  Probe (Chrono Boost)  
  62  6:28  Stalker x2  
  62  6:30  Stalker  
  68  6:42  Nexus  
  68  6:49  Assimilator  
  68  6:53  Assimilator  
  68  6:56  Pylon  
  68  6:57  Probe (Chrono Boost)  
  68  6:58  Stalker x2  
  68  6:59  Pylon  
  73  7:03  Pylon  
  73  7:05  Probe (Chrono Boost)  
  73  7:07  Pylon  
  73  7:08  Probe (Chrono Boost)  
  75  7:09  Protoss Ground Weapons Level 1  
  75  7:16  Probe (Chrono Boost)  
  75  7:18  Probe (Chrono Boost)  
  77  7:26  Probe (Chrono Boost), Photon Cannon  
  77  7:27  Photon Cannon  
  77  7:29  Probe (Chrono Boost)  
  79  7:31  Photon Cannon  
  79  7:37  Pylon, Probe (Chrono Boost)  
  80  7:39  Probe (Chrono Boost)  
  81  7:47  Probe (Chrono Boost)  
  82  7:57  Stalker x2  
  82  7:58  Stalker  
  88  8:01  Protoss Air Weapons Level 1  
  87  8:27  Stalker x2  
  87  8:28  Stalker  
  89  9:03  Protoss Ground Armor Level 1  
  59  9:34  Probe (Chrono Boost)  
  51  9:38  Probe (Chrono Boost)  
  51  9:42  Stalker x3  
  51  9:45  Probe (Chrono Boost)  
  50  9:49  Probe (Chrono Boost)  
  51  9:55  Protoss Air Armor Level 1  
  51  9:56  Probe (Chrono Boost)  
  51  9:59  Probe (Chrono Boost)  
  53  10:03  Nexus  
  53  10:06  Probe (Chrono Boost)  
  54  10:07  Photon Cannon  
  54  10:10  Probe (Chrono Boost)  
  54  10:12  Stalker x3, Photon Cannon  
  54  10:13  Photon Cannon  
  61  10:15  Photon Cannon x2  
  61  10:16  Photon Cannon  
  61  10:17  Probe (Chrono Boost), Photon Cannon  
  61  10:20  Pylon  
  61  10:21  Probe (Chrono Boost)  
  63  10:22  Pylon  
  63  10:27  Pylon  
  63  10:29  Pylon  
  63  10:42  Stalker x3  
  66  10:59  Probe (Chrono Boost)  
  66  11:02  Probe (Chrono Boost)  
  68  11:09  Probe (Chrono Boost)  
  69  11:11  Gateway x2  
  69  11:12  Gateway, Stalker x2  
  69  11:13  Probe (Chrono Boost)  
  69  11:15  Gateway  
  74  11:19  Pylon  
  74  11:20  Probe (Chrono Boost)  
  74  11:23  Probe (Chrono Boost)  
  74  11:25  Pylon  
  68  11:28  Pylon  
  68  11:29  Probe (Chrono Boost)  
  68  11:30  Probe (Chrono Boost)  
  68  11:34  Probe (Chrono Boost)  
  68  11:37  Pylon  
  64  11:40  Probe (Chrono Boost)  
  64  11:41  Probe (Chrono Boost)  
  64  11:42  Pylon  
  64  11:45  Probe (Chrono Boost)  
  64  11:46  Stargate  
  66  11:47  Stargate  
  66  11:50  Probe (Chrono Boost)  
  66  11:52  Photon Cannon  
  66  11:54  Photon Cannon  
  61  11:56  Photon Cannon  
  61  11:57  Photon Cannon  
  61  12:01  Probe (Chrono Boost)  
  61  12:11  Probe (Chrono Boost)  
  62  12:22  Probe (Chrono Boost)  
  64  12:30  Probe (Chrono Boost)  
  64  12:32  Probe (Chrono Boost)  
  64  12:37  Stalker x5  
  67  12:38  Stalker x2  
  67  12:40  Probe (Chrono Boost)  
  67  12:41  Pylon  
  67  12:43  Pylon, Probe (Chrono Boost)  
  81  12:45  Pylon  
  81  12:48  Pylon  
  81  12:51  Probe (Chrono Boost)  
  82  12:55  Photon Cannon  
  82  12:57  Photon Cannon  
  82  13:02  Mothership Core (Chrono Boost)  
  82  13:04  Photon Cannon  
  84  13:05  Photon Cannon  
  84  13:08  Photon Cannon  
  84  13:09  Photon Cannon  
  84  13:11  Photon Cannon  
  84  13:12  Photon Cannon  
  84  13:15  Stalker  
  84  13:16  Stalker x3, Photon Cannon  
  92  13:40  Twilight Council  
  92  13:44  Robotics Facility  
  90  14:03  Nexus  
  90  14:19  Photon Cannon  
  90  14:20  Photon Cannon  
  90  14:22  Pylon  
  90  14:25  Assimilator  
  90  14:30  Assimilator  
  90  14:33  Observer  
  91  14:50  Stalker x3  
  91  14:51  Stalker x4  
  103  14:54  Observer  
Show
View Real Time Build Order
Export as new Build Order

GenSpike Protoss 

Build Orders: Cannon Rush 

Get SALT Encoding   

  12  0:02  Probe (Chrono Boost)  
  13  0:15  Pylon  
  13  0:19  Probe (Chrono Boost)  
  14  0:29  Probe (Chrono Boost)  
  15  0:35  Forge  
  15  0:40  Probe (Chrono Boost)  
  16  0:47  Pylon  
  16  0:53  Probe (Chrono Boost)  
  17  1:03  Pylon  
  17  1:08  Pylon  
  17  1:19  Photon Cannon  
  17  1:26  Photon Cannon  
  17  1:35  Assimilator  
  17  1:46  Probe (Chrono Boost)  
  18  1:47  Photon Cannon  
  18  1:57  Probe (Chrono Boost)  
  19  2:05  Gateway  
  19  2:07  Probe (Chrono Boost)  
  20  2:09  Assimilator  
  20  2:21  Photon Cannon  
  20  2:25  Probe (Chrono Boost)  
  21  2:36  Probe (Chrono Boost)  
  22  2:43  Photon Cannon  
  22  2:46  Probe (Chrono Boost)  
  23  2:54  Cybernetics Core  
  23  3:18  Nexus  
  23  3:22  Pylon  
  23  3:25  Probe (Chrono Boost)  
  24  3:36  Probe (Chrono Boost), Stalker  
  27  3:56  Photon Cannon  
  27  3:59  Probe (Chrono Boost)  
  28  4:06  Stalker  
  28  4:09  Stargate  
  30  4:10  Probe (Chrono Boost)  
  31  4:21  Probe (Chrono Boost)  
  32  4:31  Probe x2 (Chrono Boost)  
  34  4:41  Probe (Chrono Boost)  
  34  4:42  Probe (Chrono Boost)  
  36  4:52  Assimilator, Probe (Chrono Boost)  
  37  4:57  Assimilator  
  37  5:03  Probe (Chrono Boost)  
  37  5:05  Phoenix  
  40  5:16  Pylon, Probe (Chrono Boost)  
  40  5:19  Probe (Chrono Boost)  
  42  5:25  Pylon  
  42  5:27  Probe (Chrono Boost)  
  43  5:29  Probe (Chrono Boost), Photon Cannon  
  43  5:30  Phoenix  
  46  5:37  Stargate, Probe (Chrono Boost)  
  47  5:47  Photon Cannon  
  47  5:48  Probe (Chrono Boost)  
  48  5:50  Probe (Chrono Boost)  
  48  5:55  Phoenix  
  51  5:57  Photon Cannon  
  51  5:58  Probe (Chrono Boost)  
  51  6:01  Probe (Chrono Boost)  
  53  6:09  Probe (Chrono Boost)  
  53  6:11  Stalker (Chrono Boost), Probe (Chrono Boost)  
  57  6:19  Photon Cannon  
  57  6:20  Void Ray, Photon Cannon  
  57  6:22  Phoenix  
  63  6:38  Zealot (Chrono Boost)  
  65  6:47  Void Ray  
  69  7:02  Zealot (Chrono Boost)  
  69  7:03  Void Ray  
  75  7:16  Photon Cannon  
  75  7:29  Void Ray  
  77  7:31  Pylon  
  75  7:46  Void Ray  
  45  8:12  Void Ray  
  38  8:16  Protoss Air Weapons Level 1  
  41  8:29  Probe  
  42  8:41  Probe  
  42  8:44  Void Ray  
  47  8:53  Pylon, Probe  
  47  8:55  Void Ray  
  48  8:58  Zealot (Chrono Boost)  
  52  9:19  Assimilator  
  52  9:26  Void Ray  
  44  9:58  Void Ray  
  44  10:07  Probe  
  44  10:09  Void Ray  
  47  10:33  Pylon  
  47  10:41  Void Ray  
  51  10:52  Void Ray  
  43  11:15  Forge  
Show
View Real Time Build Order
Export as new Build Order

InsaneP Terran 

Build Orders:  

Get SALT Encoding   

  12  0:03  SCV  
  13  0:15  SCV  
  14  0:24  Supply Depot  
  14  0:27  SCV  
  15  0:45  SCV  
  15  0:49  Barracks  
  16  0:52  Barracks  
  16  1:02  SCV  
  17  1:11  Refinery  
  17  1:14  Supply Depot  
  17  1:15  SCV  
  18  1:27  SCV  
  19  1:37  Marine  
  19  1:39  SCV  
  21  1:54  Refinery  
  21  1:57  Marine x2  
  21  1:58  SCV  
  24  2:23  Barracks Reactor  
  24  2:25  Marine  
  24  2:26  SCV  
  26  2:30  Command Center  
  26  2:40  Engineering Bay  
  25  3:04  Factory  
  25  3:07  Marine x3  
  25  3:25  Marine  
  26  3:39  Orbital Command  
  26  3:48  Missile Turret  
  25  4:00  Marine, Reaper x2  
  27  4:18  Marine  
  27  4:21  Factory Tech Lab  
  28  4:32  Bunker, SCV  
  29  4:45  Barracks Tech Lab, SCV  
  30  4:54  Starport  
  30  4:57  Supply Depot x2  
  30  5:03  SCV x2  
  32  5:14  Missile Turret  
  32  5:25  Orbital Command  
  32  5:32  Refinery  
  32  5:34  Refinery  
  30  5:42  Siege Tank  
  33  5:43  Starport Reactor  
  33  5:46  SCV  
  34  5:59  SCV x2  
  35  6:18  Concussive Shells  
  35  6:20  Widow Mine  
  35  6:22  Barracks  
  35  6:25  Barracks  
  37  6:27  Liberator x2, Terran Infantry Weapons Level 1  
  43  7:03  Missile Turret  
  43  7:07  Missile Turret  
  43  7:10  Armory  
  43  7:19  Barracks Tech Lab  
  43  7:20  Barracks Tech Lab, SCV x2  
  41  7:46  Liberator x2  
  41  8:04  Marine x2, Reaper x3  
  52  8:22  Marine x2  
  50  8:35  Marine  
  50  8:36  Marauder  
  50  8:40  Marauder x2  
  57  8:58  Marauder  
  56  9:25  Cyclone, Marine, Reaper  
  56  9:26  Marine  
  62  9:33  Marine  
  62  9:35  Marine  
  61  9:43  Marine  
  61  9:45  Marine  
  61  9:51  Marine  
  62  10:06  Supply Depot x3  
  62  10:09  Supply Depot  
  62  10:11  Supply Depot, Mag-Field Accelerator  
  62  10:12  Cyclone, Marine, SCV x2  
  68  10:16  Medivac  
  70  10:24  SCV x2  
  72  11:07  Terran Infantry Weapons Level 2  
  72  11:11  Medivac x2  
  72  11:12  Marine  
  72  11:13  Engineering Bay, Marine  
  72  11:14  Combat Shields, Stimpack  
  72  11:16  Marine  
  73  11:50  Marauder x2, Marine x2  
  73  11:51  Marauder  
  78  12:08  Marine x2  
  80  12:20  Viking x2  
  84  12:26  Cyclone  
  84  12:28  Starport x2  
  87  12:41  Engineering Bay  
  87  12:58  Cyclone  
  90  13:03  Viking x2  
  94  13:07  Viking  
  94  13:12  Missile Turret  
  95  13:33  Viking, Missile Turret  
  44  14:03  Missile Turret  
  35  14:22  Missile Turret  
  22  14:54  Missile Turret  
Show
View Real Time Build Order
Export as new Build Order

Grumm Terran - Winner!

Build Orders:  

Get SALT Encoding   

  12  0:01  SCV  
  13  0:15  SCV  
  14  0:28  SCV  
  15  0:30  Supply Depot  
  15  0:35  Refinery  
  15  0:53  Barracks  
  15  0:58  SCV  
  16  1:10  SCV  
  17  1:22  SCV, Barracks  
  17  1:24  Refinery  
  18  1:34  SCV  
  19  1:40  Supply Depot  
  19  1:43  Reaper  
  19  1:46  SCV  
  21  1:58  SCV  
  22  2:12  Reaper  
  22  2:15  Reaper  
  24  2:25  Orbital Command  
  24  2:31  Factory  
  24  2:44  Marine  
  24  2:47  Marine  
  25  3:02  Marine  
  25  3:05  Marine  
  27  3:09  SCV  
  28  3:19  Marine  
  28  3:33  SCV  
  29  3:40  Marine  
  29  3:41  Marine  
  29  3:58  Marine x2  
  28  4:35  Starport, Factory Tech Lab  
  28  4:38  Starport  
  27  4:40  Engineering Bay  
  23  5:09  SCV  
  23  5:13  Starport Tech Lab  
  24  5:16  Starport Tech Lab  
  24  5:17  Fusion Core  
  24  5:19  Starport  
  24  5:21  SCV  
  25  5:32  Marine  
  25  5:33  Command Center  
  26  5:38  Supply Depot  
  26  5:39  SCV  
  27  5:50  Marine  
  27  5:53  SCV  
  29  6:05  SCV  
  29  6:07  Starport Tech Lab  
  29  6:08  Marine  
  29  6:09  Battlecruiser  
  37  6:17  SCV  
  38  6:22  Supply Depot  
  38  6:24  Supply Depot  
  38  6:25  Marine  
  38  6:26  Refinery  
  38  6:28  Missile Turret  
  38  6:31  Refinery  
  38  6:32  Missile Turret  
  39  6:44  Marine, SCV  
  39  6:46  Supply Depot  
  41  6:56  SCV  
  41  6:57  Orbital Command  
  42  7:02  Marine  
  43  7:08  SCV  
  44  7:19  Marine  
  44  7:20  SCV  
  46  7:32  SCV  
  46  7:37  Marine  
  45  7:45  SCV  
  46  7:55  Marine  
  46  8:08  Battlecruiser  
  46  8:09  Battlecruiser x2  
  64  8:13  Marine  
  65  8:21  Armory x2  
  65  8:23  Supply Depot  
  65  8:25  SCV x2  
  68  8:37  SCV x2  
  63  8:48  Supply Depot  
  62  8:49  SCV  
  63  9:06  Supply Depot  
  63  9:12  Terran Vehicle And Ship Armor Level 1, Terran Ship Weapons Level 1  
  63  9:13  Battlecruiser  
  69  9:20  Viking x2  
  73  9:25  Supply Depot x2  
  73  9:48  Supply Depot  
  73  9:50  Viking x2  
  77  10:14  Command Center  
  77  10:17  Viking  
  77  10:20  Viking x2  
  83  10:47  Viking  
  85  10:50  Viking x2  
  89  11:17  Viking  
  91  11:20  Viking x2  
  91  11:21  Terran Ship Weapons Level 2  
  95  11:30  Terran Vehicle And Ship Armor Level 2  
  95  11:47  Viking  
  97  11:50  Viking x2  
  101  12:17  Viking  
  103  13:28  Battlecruiser x3  
Show
View Real Time Build Order
Export as new Build Order

Foxtrox Protoss - Winner!

Build Orders: Oracle Opening 

Get SALT Encoding   

  12  0:01  Probe (Chrono Boost)  
  13  0:12  Probe (Chrono Boost)  
  14  0:22  Pylon  
  14  0:23  Probe (Chrono Boost)  
  15  0:41  Probe (Chrono Boost)  
  16  0:48  Gateway  
  16  0:56  Probe (Chrono Boost)  
  17  0:59  Assimilator  
  17  1:03  Assimilator  
  17  1:07  Probe (Chrono Boost)  
  18  1:17  Probe (Chrono Boost)  
  19  1:28  Probe (Chrono Boost)  
  20  1:42  Cybernetics Core  
  20  1:53  Pylon  
  20  1:55  Probe (Chrono Boost)  
  23  2:11  Probe  
  22  2:27  Nexus  
  22  2:28  Stargate  
  22  2:31  Stargate  
  22  2:34  Probe  
  23  2:45  Pylon  
  23  2:50  Warp Gate (Chrono Boost)  
  26  3:21  Oracle (Chrono Boost)  
  26  3:25  Probe  
  27  3:33  Oracle (Chrono Boost)  
  30  3:37  Probe  
  30  3:41  Probe  
  32  3:50  Probe  
  32  3:51  Probe  
  32  3:54  Assimilator  
  34  4:02  Probe x2  
  35  4:08  Oracle (Chrono Boost)  
  39  4:12  Probe  
  39  4:14  Probe  
  41  4:21  Assimilator  
  41  4:23  Probe  
  41  4:26  Oracle (Chrono Boost), Pylon, Probe  
  46  4:35  Probe  
  46  4:38  Probe  
  48  4:47  Probe  
  48  4:50  Probe  
  47  4:59  Probe  
  45  5:17  Gateway  
  45  5:18  Gateway  
  45  5:19  Gateway  
  45  5:20  Gateway  
  45  5:23  Gateway  
  45  5:24  Gateway  
  45  5:25  Twilight Council, Probe x2  
  47  5:35  Pylon  
  47  5:37  Probe  
  42  6:07  Dark Shrine  
  42  6:08  Probe x2  
  44  6:11  Robotics Facility  
  44  6:18  Phoenix x2 (Chrono Boost)  
  48  6:25  Nexus  
  48  6:26  Pylon  
  48  6:32  Pylon  
  48  6:45  Probe x2  
  48  6:46  Gateway  
  50  6:47  Gateway x2  
  50  6:48  Gateway  
  50  6:50  Gateway  
  50  6:52  Phoenix (Chrono Boost)  
  52  6:54  Gateway  
  52  6:56  Phoenix (Chrono Boost)  
  52  6:59  Observer  
  55  7:05  Probe  
  55  7:06  Probe  
  57  7:13  Charge (Chrono Boost)  
  57  7:17  Probe  
  57  7:18  Probe  
  60  7:30  Probe x2  
  61  7:42  Probe  
  62  7:50  Dark Templar x4  
  70  7:52  Dark Templar x2  
  70  7:53  Dark Templar  
  70  7:55  Dark Templar  
  78  8:08  Assimilator  
  78  8:10  Assimilator  
  78  8:13  Pylon  
  78  8:15  Pylon  
  78  8:16  Pylon  
  78  8:21  Pylon  
  78  8:28  Archon x4  
  78  8:31  Zealot x4  
  78  8:32  Zealot x6  
  96  9:08  Dark Templar x4  
  96  9:09  Dark Templar x3  
  110  9:11  Zealot x5  
  64  9:56  Probe  
  64  9:57  Probe  
  64  9:58  Probe  
  64  9:59  Dark Templar  
  69  10:00  Dark Templar x3  
  69  10:02  Zealot x3  
  69  10:03  Zealot x6  
  93  10:10  Observer  
  94  10:15  Archon x2  
  92  10:47  Dark Templar x3  
  92  10:48  Dark Templar x3  
  92  10:49  Zealot  
  104  10:50  Zealot x4  
  104  10:51  Zealot x2  
  104  10:53  Probe  
  104  10:54  Probe  
  104  10:55  Probe  
  119  10:59  Archon x2  
  119  11:00  Archon  
  119  11:04  Probe  
  119  11:07  Probe x2  
  120  11:19  Probe  
  88  12:03  Dark Templar x5  
  88  12:04  Dark Templar x5  
  88  12:07  Zealot x3  
  112  12:24  Archon  
  112  12:25  Archon x4  
  112  12:26  Phoenix  
  112  12:29  Phoenix  
  116  12:35  Assimilator  
  116  12:38  Assimilator  
  116  12:53  Dark Templar x4  
  116  12:54  Phoenix  
  116  12:57  Nexus  
  126  13:25  Pylon  
  118  13:27  Dark Templar  
  118  13:28  Dark Templar x3  
  118  13:29  Pylon  
  118  13:33  Pylon  
  121  13:34  Archon x2  
  121  13:37  Pylon, Zealot x2  
  121  13:38  Zealot x3  
  93  14:01  Dark Templar x4  
  79  14:16  Stalker x2  
  79  14:17  Stalker x2  
  81  14:19  Archon x3  
  81  14:20  Archon  
  81  14:23  Zealot x2  
  81  14:24  Zealot x2  
  91  14:25  Zealot  
  93  14:38  Zealot x4  
  95  14:39  Zealot  
  95  14:43  Observer  
  104  15:04  Zealot x3  
  104  15:05  Observer, Zealot x3  
  104  15:06  Zealot x7  
Show
View Real Time Build Order
Export as new Build Order

Thomas Protoss - Winner!

Build Orders:  

Get SALT Encoding   

  12  0:01  Probe (Chrono Boost)  
  13  0:12  Probe (Chrono Boost)  
  14  0:23  Probe (Chrono Boost)  
  14  0:27  Pylon  
  15  0:35  Assimilator  
  15  0:45  Probe (Chrono Boost)  
  16  0:51  Gateway  
  16  0:56  Probe (Chrono Boost)  
  17  1:06  Probe (Chrono Boost)  
  18  1:17  Probe (Chrono Boost)  
  19  1:37  Pylon  
  19  1:42  Cybernetics Core  
  19  1:46  Assimilator  
  19  1:50  Probe (Chrono Boost)  
  20  1:59  Nexus  
  20  2:07  Forge  
  20  2:08  Probe (Chrono Boost)  
  21  2:18  Probe (Chrono Boost)  
  21  2:20  Warp Gate (Chrono Boost)  
  21  2:22  Zealot  
  24  2:30  Probe  
  25  2:42  Gateway  
  25  2:43  Pylon  
  25  2:53  Photon Cannon  
  25  3:00  Stalker  
  27  3:11  Gateway  
  27  3:23  Gateway  
  27  3:37  Probe x2  
  29  3:48  Probe  
  29  3:49  Probe  
  31  3:59  Probe  
  31  4:01  Probe  
  33  4:15  Probe x2  
  35  4:24  Assimilator  
  35  4:26  Probe  
  35  4:27  Probe  
  37  4:35  Protoss Ground Weapons Level 1  
  37  4:37  Probe  
  38  4:43  Pylon  
  38  4:46  Pylon  
  38  4:47  Probe  
  38  4:52  Probe  
  40  4:56  Stalker x3  
  40  4:57  Stalker  
  48  5:04  Twilight Council, Probe  
  49  5:14  Probe  
  49  5:16  Probe  
  49  5:17  Assimilator  
  51  5:24  Pylon  
  51  5:25  Pylon, Probe  
  52  5:28  Probe, Stalker  
  52  5:31  Stalker  
  52  5:35  Probe  
  57  5:37  Stalker  
  57  5:40  Probe  
  57  5:41  Blink (Chrono Boost)  
  61  5:45  Stalker  
  63  5:52  Probe  
  64  5:59  Probe  
  64  6:03  Stalker  
  64  6:04  Stalker x2  
  71  6:12  Robotics Facility  
  71  6:16  Robotics Facility  
  71  6:20  Dark Shrine  
  71  6:25  Stalker  
  73  6:28  Stalker  
  75  6:34  Stalker  
  75  6:36  Stalker  
  79  6:43  Protoss Shields Level 1  
  79  6:49  Stalker  
  79  6:51  Stalker  
  83  7:07  Pylon  
  83  7:09  Pylon  
  83  7:12  Robotics Bay  
  69  8:11  Extended Thermal Lance (Chrono Boost)  
  69  8:15  Colossus x2  
  81  8:21  Photon Cannon x2  
  81  8:23  Photon Cannon  
  81  8:24  Dark Templar  
  81  8:25  Dark Templar x2  
  65  8:57  Nexus  
  65  9:07  Assimilator, Stalker x4  
  73  9:12  Archon  
  73  9:16  Assimilator  
  73  9:26  Protoss Shields Level 2 (Chrono Boost)  
  73  9:31  Stalker x2  
  73  9:32  Stalker x2  
  69  9:58  Colossus  
  75  10:11  Probe  
  76  10:22  Probe  
  77  10:32  Probe  
  78  10:37  Gateway  
  78  10:38  Stalker  
  78  10:39  Stalker x3  
  84  10:43  Probe  
  83  10:53  Probe  
  82  11:03  Stalker  
  82  11:04  Stalker x3  
  86  11:08  Colossus  
  86  11:10  Colossus  
  100  11:16  Charge  
  100  11:28  Pylon  
  100  11:33  Probe  
  101  11:43  Probe  
  102  11:54  Probe  
  102  11:59  Dark Templar  
  102  12:00  Dark Templar x4  
  113  12:05  Gateway  
  113  12:06  Gateway  
  113  12:08  Gateway  
  113  12:10  Gateway  
  113  12:12  Gateway  
  113  12:13  Gateway  
  113  12:16  Gateway  
  113  12:20  Gateway  
  113  12:24  Gateway  
  113  12:25  Archon  
  113  12:26  Archon, Gateway  
  113  12:31  Archon  
  113  12:33  Dark Templar x3  
  113  12:34  Dark Templar x2  
  123  12:51  Archon x2, Pylon  
  123  12:52  Pylon  
  123  12:55  Pylon  
  123  12:57  Pylon  
  123  13:08  Colossus  
  123  13:10  Colossus  
  135  13:31  Dark Templar  
  135  13:32  Dark Templar x5  
  147  13:39  Archon  
  147  13:40  Nexus  
  147  13:42  Assimilator  
  147  13:43  Assimilator  
  147  13:44  Archon x2  
  147  13:45  Pylon  
  147  13:46  Pylon  
  147  13:47  Dark Templar  
  149  13:49  Pylon x2  
  149  13:59  Stalker x4  
  157  14:04  Archon  
  157  14:20  Stalker x2  
  157  14:21  Stalker  
Tags
 
Add a new tag
Caveats
  • Supply blocks, unpowered buildings, or Contaminate may cause inaccurate times.
  • Supply counts are checked every 10 seconds.